 Dungeon Crawl Stone Soup version 0.25.0 (webtiles) character file.

Game seed: 14925749380151190300

514 MDvedh the Cudgeler (level 7, -1/41 HPs)
             Began as a Gargoyle Fighter on June 12, 2020.
             Slain by a yak (8 damage)
             ... on level 4 of the Dungeon.
             The game lasted 00:04:07 (3539 turns).

MDvedh the Cudgeler (Gargoyle Fighter)              Turns: 3539, Time: 00:04:08

Health: -1/41      AC: 13    Str: 21    XL:     7   Next: 20%
Magic:  7/7        EV:  5    Int:  9    God:
Gold:   170        SH: 10    Dex:  9    Spells: 6/6 levels left

rFire    . . .     SeeInvis .   a - +0 flail
rCold    . . .     Gourm    .   c - +0 kite shield
rNeg     + . .     Faith    .   r - +0 chain mail
rPois    ∞         Spirit   .   (no helmet)
rElec    +         Reflect  .   (no cloak)
rCorr    .         Harm     .   (no gloves)
MR       .....                  (no boots)
Stlth    ..........             (no amulet)
HPRegen  0.13/turn              (no ring)
MPRegen  0.10/turn              (no ring)

@: no status effects
A: negative energy resistance 1, electricity resistance, unbreathing,
petrification resistance, rot immunity, AC +4
a: no special abilities


You were on level 4 of the Dungeon.
You were hungry.

You visited 1 branch of the dungeon, and saw 5 of its levels.

You collected 170 gold pieces.

Inventory:

Hand Weapons
 a - a +0 flail (weapon)
Armour
 b - a +0 scale mail
 c - a +0 kite shield (worn)
 r - a +0 chain mail (worn)
Wands
 p - a wand of random effects (4)
 q - a wand of paralysis (3)
Scrolls
 e - 2 scrolls of teleportation {unknown}
 g - a scroll of enchant weapon {unknown}
 h - 3 scrolls of identify {unknown}
 o - 2 scrolls of remove curse {unknown}
 t - a scroll of magic mapping {unknown}
 u - a scroll of immolation {unknown}
Potions
 d - 2 potions of might
 i - a potion of mutation {unknown}
 j - a potion of brilliance {unknown}
 k - a potion of magic {unknown}
 l - 2 potions of curing
 m - a potion of heal wounds {unknown}
 n - a potion of degeneration {unknown}
Comestibles
 f - 7 rations


   Skills:
 - Level 3.2 Fighting
 * Level 6.3 Maces & Flails
 - Level 3.2 Armour
 + Level 5.7 Shields


You had 6 spell levels left.
You didn't know any spells.
Your spell library was empty.

Dungeon Overview and Level Annotations

Branches:
Dungeon (5/15)
 Temple: D:4-7

Altars:
Cheibriados
Dithmenos
Nemelex Xobeh
Ru
Beogh

Shops:
D:5 [

Annotations:
D:4 3 runed translucent doors, Raspi's ghost, amateur MiBe


Innate Abilities, Weirdness & Mutations

You are resistant to torment.
Your stone body is resilient. (AC +4)
You are immune to poison.
You resist negative energy. (rN+)
You are resistant to electric shocks. (rElec)
You can survive without breathing.
You are immune to petrification.
You are immune to rotting.


Message History

* * * LOW HITPOINT WARNING * * *
Unknown command.
Okay, then.
You hit the yak but do no damage.
The yak is moderately wounded.
You block the yak's attack.
You hit the yak.
The yak is heavily wounded.
The yak gores you.
* * * LOW HITPOINT WARNING * * *
You hit the yak but do no damage.
The yak is heavily wounded.
The yak gores you but does no damage.
You hit the yak.
The yak is heavily wounded.
You block the yak's attack.
You hit the yak.
The yak is severely wounded.
The yak gores you!
You die...

#....)......# ##..<)....#.##
##........#... ### #.............
#############.## #.###.#.....##
#.....>......#.# #.# #.#.....##
#.###########.#####.###.#......#
#.# #.###..............# #.#
#..@Y...#........... #.#
#####.###.....####.#
##.########### #.###.....####.#
.............#####.##.........(..
###.###.#.............##..#####.#
# #....###......##._..##..# #.. #
#...## ##.###......###..# #..
###..#.###.####..###)###..# #..
#....##.#........# #......# #..


You could see a yak.

Vanquished Creatures
  An orc warrior (D:4)
  An ogre (D:4)
  A scorpion (D:4)
  2 orc wizards
  Terence (D:2)
  Ijyb (D:3)
  3 worker ants (D:4)
  3 adders
  3 oozes
  2 dart slugs
  5 leopard geckos
  10 orcs
  A giant cockroach (D:2)
  7 goblins
  A hobgoblin (D:2)
  A quokka (D:3)
  4 ball pythons
  4 bats
  4 frilled lizards
  6 kobolds
  A leopard gecko skeleton (D:4)
  A quokka skeleton (D:4)
  7 rats
70 creatures vanquished.

Notes
Turn   | Place    | Note
-------+----------+-------------------------------------------
     0 | D:1      | MDvedh the Gargoyle Fighter began the quest for the Orb.
     0 | D:1      | Reached XP level 1. HP: 14/14 MP: 1/1
    42 | D:1      | Reached XP level 2. HP: 19/19 MP: 2/2
   402 | D:1      | Reached skill level 3 in Maces & Flails
   402 | D:1      | Reached XP level 3. HP: 23/23 MP: 3/3
   506 | D:2      | Found a sacrificial altar of Ru.
   511 | D:2      | Reached XP level 4. HP: 26/28 MP: 4/4
   992 | D:2      | Noticed Terence
  1030 | D:2      | Killed Terence
  1030 | D:2      | Reached skill level 4 in Maces & Flails
  1400 | D:3      | Found a shadowy altar of Dithmenos.
  1453 | D:3      | Reached XP level 5. HP: 23/32 MP: 5/5
  1726 | D:3      | Found a sparkling altar of Nemelex Xobeh.
  1942 | D:3      | Noticed Ijyb
  1959 | D:3      | Paralysed by Ijyb for 7 turns
  1972 | D:3      | Killed Ijyb
  2234 | D:4      | Noticed an orc warrior
  2251 | D:4      | Killed an orc warrior
  2251 | D:4      | Reached skill level 5 in Maces & Flails
  2251 | D:4      | Reached skill level 5 in Shields
  2251 | D:4      | Reached XP level 6. HP: 13/37 MP: 6/6
  2481 | D:4      | Found a runed translucent gate.
  2872 | D:4      | Found a snail-covered altar of Cheibriados.
  2883 | D:4      | Reached skill level 6 in Maces & Flails
  2883 | D:4      | Reached XP level 7. HP: 29/41 MP: 7/7
  3426 | D:4      | Found a runed translucent gate.
  3427 | D:4      | Found a runed translucent gate.
  3427 | D:4      | Noticed Raspi's ghost (amateur MiBe)
  3428 | D:4      | Identified the +4 short sword of Joyful Slaughter {vorpal,
                  | *Drain rElec Str+4}
  3428 | D:4      | Identified the cursed +1 chain mail of Evvaegefa {-Cast
                  | -Tele rF++ Int+3}
  3476 | D:4      | Found a roughly hewn altar of Beogh.
  3515 | D:5      | Entered Level 5 of the Dungeon
  3517 | D:5      | Found Eryucuj's Antique Armour Emporium.
  3520 | D:5      | Noticed a yak
  3520 | D:5      | Noticed a yak
  3520 | D:5      | Noticed a yak
  3520 | D:5      | Noticed a yak
  3521 | D:5      | Noticed a yak
  3522 | D:5      | Noticed a yak
  3539 | D:4      | Slain by a yak

Illustrated notes

Levels and vault maps discovered:
D:1:      lordsloth_arrival_two_stooges, layout_rooms, hangedman_decor_opposing
D:2:      layout_loops_ring, nicolae_ru_great_annihilating_truth, first_ration,
          uniq_terence
D:3:      layout_basic, old_standard_altar,
          nicolae_dithmenos_through_a_glass_darkly, uniq_ijyb
D:4:      layout_loops_ring, cheibriados_altar_1, biasface_ghost_orc_armoury
D:5:      layout_loops_ring, grunt_temple_overflow_open, serial_shops, shop,
          minmay_a_box_with_orc_wizards_in_it

Skill      XL: |  1  2  3  4  5  6 |
---------------+-------------------+-----
Maces & Flails | 3 4 5 6 |  6.3
Shields        | 4 5 |  5.7
Fighting       | |  3.2
Armour         | |  3.2

Action                   |  1- 3 |  4- 6 |  7- 9 || total
-------------------------+-------+-------+-------++-------
Melee: Flail             |    69 |   232 |    62 ||   363
  Use: Potion            |       |     1 |       ||     1
 Stab: Paralysed         |       |     2 |       ||     2
  Eat: Chunk             |       |     4 |     1 ||     5
       Ration            |       |     1 |       ||     1
Armor: Scale mail        |    30 |   106 |       ||   136
       Chain mail        |       |    38 |    33 ||    71
Dodge: Dodged            |    20 |    63 |     5 ||    88
Block: Kite shield       |    38 |   140 |    21 ||   199
